 Dungeon Crawl Stone Soup version 0.27-a0-457-gba82baf56e (webtiles) character file.

Game seed: 10796499486785410144

1 Narval the Vexing (level 1, 12/12 HPs)
             Began as a Kobold Arcane Marksman on Feb 28, 2021.
             Quit the game on level 1 of the Dungeon.
             The game lasted 00:02:21 (45 turns).

Narval the Vexing (Kobold Arcane Marksman)            Turns: 45, Time: 00:02:22

Health: 12/12      AC:  2    Str:  7    XL:     1   Next: 22%
Magic:  2/2        EV: 15    Int: 14    God:
Gold:   0          SH:  0    Dex: 15    Spells: 1/2 levels left

rFire    . . .     SeeInvis .   a - +0 hand crossbow
rCold    . . .     Faith    .   (shield restricted)
rNeg     . . .     Spirit   .   e - +0 robe
rPois    .         Reflect  .   (no helmet)
rElec    .         Harm     .   (no cloak)
rCorr    .         Rampage  .   (no gloves)
Will     .....                  (no boots)
Stlth    ++........             (no amulet)
HPRegen  0.04/turn              (no ring)
MPRegen  0.08/turn              (no ring)

@: no status effects
A: small, nightstalker 3
a: no special abilities


You were on level 1 of the Dungeon.
You visited 1 branch of the dungeon, and saw 1 of its levels.

Inventory:

Hand Weapons
 a - a +0 hand crossbow (weapon)
Missiles
 d - 17 bolts (quivered ammo)
Armour
 e - a +0 robe (worn)
Potions
 f - a potion of heal wounds {unknown}


   Skills:
 + Level 1.1 Fighting
 + Level 2.4 Crossbows
 - Level 2.4 Dodging
 + Level 1.1 Spellcasting
 + Level 3.0 Hexes


You had one spell level left.
You knew the following spells:

 Your Spells              Type           Power        Failure   Level
a - Corona                Hex            10%          8%          1

Your spell library contained the following spells:

 Spells                   Type           Power        Failure   Level
 Slow                     Hex            9%           12%         2
 Inner Flame              Hex/Fire       5%           38%         3
 Portal Projectile        Hex/Tloc       10%          38%         3
 Cause Fear               Hex            4%           58%         4
 Leda's Liquefaction      Hex/Erth       2%           80%         4


Dungeon Overview and Level Annotations

Branches:
Dungeon (1/15)

Altars:


Innate Abilities, Weirdness & Mutations

You are small and have problems with some larger weapons.
You are completely attuned to the shadows.


Message History

Welcome, Narval the Kobold Arcane Marksman.
The bosom of this dungeon contains the awesome artefact, the Orb of Zot.
Press ? for a list of commands and other information.
Found a blue potion.
Found a staircase leading out of the dungeon.
Press: ? - help, v - describe, . - travel The floor.
Press: ? - help, v - describe, . - travel The floor.
Press: ? - help, v - describe, . - travel The floor.
Drop what? 3/52 slots (_ for help) (? for menu, Esc to quit)
Okay, then.
No item to drop.
Drop what? 3/52 slots (_ for help) (? for menu, Esc to quit)
Okay, then.
Casting: Corona (safe; 8% risk of failure)
Confirm with . or Enter, or press ? or * to list all spells.
You don't know that spell.
f - a blue potion You open the door.
There is an open door here.
A bat comes into view.
The bat hits you but does no damage.
Really attack while wielding your +0 hand crossbow?
You clumsily bash the bat but do no damage.
The bat closely misses you. The bat misses you.
You shoot a bolt. The bolt barely misses the bat.
The bat barely misses you.
You shoot a bolt. The bolt barely misses the bat.
The bat misses you. The bat barely misses you.
The bat hits you but does no damage.
You shoot a bolt. The bolt barely misses the bat.
The bat closely misses you. The bat barely misses you.
The bat hits you but does no damage. x2
You shoot a bolt. The bolt hits the bat!
You kill the bat!
Okay, then.
d - 17 bolts (gained 1) Unknown command.
Are you sure you want to abandon this character and quit the game? (Confirm with "yes".)

### .. #...
... ##..#
...####@.#
........###
............
.##....###..
.....†.## .
#....#.....
###8'8###..
##≈≈≈.≈≈≈##.
#≈≈≈.P.≈≈≈##


There were no monsters in sight!

Vanquished Creatures
  A bat (D:1)
1 creature vanquished.

Notes
Turn   | Place    | Note
-------+----------+-------------------------------------------
     0 | D:1      | Narval the Kobold Arcane Marksman began the quest for the
                  | Orb.
     0 | D:1      | Reached XP level 1. HP: 12/12 MP: 2/2
    45 | D:1      | Quit the game

Illustrated notes

Levels and vault maps discovered:
D:1:      lightli_arrival_statuegarden, layout_rooms

Action                   || total
-------------------------++-------
Melee: Hand crossbow     ||     1
 Fire: Hand crossbow     ||     4
Armor: Robe              ||     4
Dodge: Dodged            ||     7

Table legend: (Time is in decaauts)
 A = Elapsed time spent in this place.
 B = Non-inter-level travel time spent in this place.
 C = Inter-level travel time spent in this place.
 D = Time resting spent in this place.
 E = Time spent auto-exploring this place.
 F = Levels seen in this place.
 G = Mean time per level.
                   A        B        C        D        E       F      G
               +--------+--------+--------+--------+--------+-----+--------+
         Total |     47 |     33 |     14 |      0 |      0 |   1 |   47.0 |
       Dungeon |     47 |     33 |     14 |      0 |      0 |   1 |   47.0 |
               +--------+--------+--------+--------+--------+-----+--------+

Top non-repeatable levels by time:
     D:1: 47 daAuts
